Map: [ESL] Hecate

Players

Nicoract

  • Race: Terran Terran
  • Spawn Location: 7:00

milkicow - Winner!

  • Race: Terran Terran
  • Spawn Location: 1:00

Event: ESL SC2 Masters 2023 Winter (Regional)

VOD

Have the link to the VOD?

Description

Time

  • Played on: Nov. 2, 2023, 1:12 p.m.
  • Length: 7:40

All games in this series

Show
View Real Time Build Order
Export as new Build Order

Nicoract Terran 

Build Orders:  

Get SALT Encoding   

  12  0:00  SCV  
  13  0:12  SCV  
  14  0:16  Supply Depot  
  14  0:24  SCV  
  15  0:38  SCV  
  15  0:39  Barracks  
  16  0:42  Refinery  
  16  0:50  SCV  
  16  0:52  Refinery  
  17  1:02  SCV  
  18  1:14  SCV  
  19  1:26  Reaper  
  19  1:27  Orbital Command  
  19  1:28  Supply Depot  
  20  1:42  Factory  
  20  1:53  SCV  
  21  1:59  Barracks Reactor  
  21  2:05  SCV  
  22  2:17  SCV  
  23  2:26  Command Center  
  23  2:27  Hellion  
  25  2:31  SCV  
  25  2:34  Supply Depot  
  25  2:36  Reaper  
  27  2:38  Reaper  
  27  2:46  SCV  
  27  2:50  Hellion  
  30  2:56  Starport  
  30  2:59  SCV  
  31  3:11  Factory Tech Lab, SCV  
  31  3:12  Refinery  
  32  3:14  Marine x2  
  34  3:23  SCV  
  35  3:33  Siege Tank  
  35  3:34  Marine x2  
  37  3:37  Starport Tech Lab, SCV  
  34  3:49  SCV  
  34  3:52  Orbital Command  
  34  3:54  Marine x2  
  37  3:57  Raven  
  39  4:02  Interference Matrix  
  39  4:03  SCV  
  40  4:12  Marine x2  
  40  4:14  Supply Depot  
  40  4:15  SCV  
  43  4:20  Siege Tank  
  43  4:24  SCV  
  47  4:31  Raven, SCV  
  50  4:36  SCV  
  51  4:41  Marine x2  
  51  4:43  SCV  
  53  4:48  SCV  
  53  4:52  Siege Tank  
  52  4:55  SCV  
  52  4:59  Marine x2  
  53  5:00  SCV  
  50  5:07  SCV  
  50  5:12  SCV  
  48  5:19  SCV, Marine x2  
  47  5:24  SCV  
  47  5:28  Siege Tank  
  51  5:31  SCV  
  50  5:36  Marine, SCV  
  48  5:43  SCV  
  48  5:48  SCV  
  48  5:49  Marine  
  47  5:54  Marine  
  44  5:57  SCV  
  44  6:00  SCV  
  46  6:07  Marine  
  46  6:09  SCV  
  48  6:12  SCV, Marine  
  50  6:21  SCV  
  50  6:25  Marine, SCV  
  52  6:31  Marine  
  53  6:33  SCV  
  53  6:36  Raven  
  53  6:37  Siege Tank, SCV  
  60  6:43  Marine  
  60  6:45  SCV  
  62  6:51  Supply Depot  
  62  6:52  Supply Depot  
  62  7:13  SCV x2  
  65  7:25  SCV x2  
Show
View Real Time Build Order
Export as new Build Order

milkicow Terran - Winner!

Build Orders: Cyclone Opening 

Get SALT Encoding   

  12  0:00  SCV  
  13  0:12  SCV  
  14  0:17  Supply Depot  
  14  0:24  SCV  
  15  0:38  SCV  
  15  0:39  Barracks  
  16  0:43  Refinery  
  16  0:50  SCV  
  16  0:52  Refinery  
  17  1:03  SCV  
  18  1:15  SCV  
  19  1:27  Orbital Command, Reaper  
  19  1:29  Supply Depot  
  20  1:41  Factory  
  20  1:53  SCV  
  21  2:00  Barracks Reactor  
  21  2:05  SCV  
  22  2:20  Command Center  
  22  2:24  SCV  
  23  2:36  SCV  
  24  2:39  Cyclone  
  24  2:40  Cyclone  
  28  2:45  Supply Depot  
  28  2:48  SCV  
  29  2:56  Starport  
  29  2:58  Barracks Tech Lab  
  29  3:01  SCV  
  30  3:13  SCV  
  31  3:24  Siege Tank  
  31  3:25  SCV  
  35  3:27  Marine x2  
  35  3:34  Orbital Command  
  36  3:37  Medivac, SCV  
  36  3:40  Refinery  
  37  3:50  SCV  
  37  3:52  Marine x2  
  38  4:01  Siege Tank  
  41  4:03  SCV  
  41  4:04  SCV  
  43  4:15  SCV  
  43  4:16  SCV  
  45  4:20  Viking  
  45  4:22  Viking  
  49  4:24  Supply Depot  
  49  4:27  SCV  
  49  4:29  SCV  
  51  4:39  SCV  
  51  4:45  SCV  
  53  4:46  Siege Tank  
  53  4:51  SCV  
  57  4:57  SCV  
  58  5:00  Viking  
  58  5:03  Command Center, SCV  
  58  5:06  Supply Depot  
  61  5:09  SCV  
  62  5:14  Viking  
  62  5:15  SCV, Refinery  
  62  5:16  Orbital Command  
  59  5:33  Viking  
  59  5:43  SCV  
  59  5:44  Siege Tank  
  59  5:47  SCV  
  60  5:53  Barracks  
  60  5:54  Barracks, Viking  
  60  5:55  SCV  
  64  5:59  Barracks Tech Lab, Supply Depot, SCV  
  64  6:07  SCV  
  65  6:13  SCV  
  64  6:19  Orbital Command  
  64  6:25  SCV  
  64  6:34  Viking x2  
  64  6:37  SCV  
  64  6:38  Command Center  
  64  6:39  Marine  
  70  6:45  SCV  
  71  6:49  SCV  
  71  6:50  Marine x2  
  71  6:51  Refinery  
  74  6:55  Supply Depot  
  74  6:57  SCV, Marine  
  74  7:01  SCV  
  77  7:08  Supply Depot, Engineering Bay  
  77  7:09  SCV  
  77  7:11  Engineering Bay  
  78  7:16  SCV, Marine  
  78  7:21  SCV  
  86  7:23  Supply Depot  
Tags
 
Add a new tag
Caveats
  • Supply blocks, unpowered buildings, or Contaminate may cause inaccurate times.
  • Supply counts are checked every 10 seconds.